 Dungeon Crawl Stone Soup version 0.17-a0-1583-g2df49ec (webtiles) character file.

2245 Urgaas the Spear-Bearer (level 9, 0/72 HPs)
             Began as a Merfolk Berserker on July 28, 2015.
             Was a Priest of Trog.
             Slain by an orc warrior
             ... wielding a +0 glaive
              (12 damage)
             ... on level 6 of the Dungeon.
             The game lasted 00:50:38 (7056 turns).

Urgaas the Spear-Bearer (Merfolk Berserker)         Turns: 7056, Time: 00:50:38

Health: 0/72       AC:  4    Str: 19      XL:     9   Next: 37%
Magic:  14/14      EV: 24    Int:  8      God:    Trog [***...]
Gold:   303        SH:  0    Dex: 17 (18) Spells: 0 memorised, 14 levels left

rFire  . . .     SeeInvis .     t - +0 trident
rCold  . . .     Clarity  .     (no armour)
rNeg   . . .     SustAt   .     (no shield)
rPois  .         Gourm    .     (no helmet)
rElec  .         Spirit   .     (no cloak)
rCorr  .         Warding  .     (no gloves)
rMut   .         Stasis   .     i - +0 pair of boots
MR     .....                    (no amulet)
Stlth  ++++......               (no ring)
                                q - +3 ring of protection

@: agile, not resistant to hostile enchantments, stealthy
A: change form in water, swift swim
a: Burn Spellbooks, Berserk, Trog's Hand, Renounce Religion


You were on level 6 of the Dungeon.
You worshipped Trog.
Trog was most pleased with you.
You were not hungry.

You visited 2 branches of the dungeon, and saw 7 of its levels.

You collected 303 gold pieces.

Inventory:

Hand weapons
 p - a +0 halberd
 s - a +3 dagger of venom
 t - a +0 trident (weapon)
Armour
 c - a +0 leather armour
 i - a +0 pair of boots (worn)
Jewellery
 q - a +3 ring of protection (left hand)
 r - an uncursed ring of ice
 v - a cursed amulet of inaccuracy
Scrolls
 b - a scroll of summoning {unknown}
 d - a scroll of magic mapping
 e - 2 scrolls of identify
 g - a scroll of teleportation {unknown}
 l - a scroll of blinking {unknown}
 m - 3 scrolls of remove curse
 o - a scroll of fear {unknown}
 u - 2 scrolls of enchant armour {unknown}
 w - a scroll of recharging {unknown}
Potions
 h - a potion of poison {unknown}
 j - 2 potions of resistance
 k - a potion of agility
Comestibles
 a - 2 bread rations
 f - a royal jelly


   Skills:
 + Level 7.2 Fighting
 + Level 4.7 Short Blades
 + Level 9.5 Polearms
 + Level 3.9 Throwing
 + Level 4.5 Armour
 + Level 9.2 Dodging
 + Level 5.6 Stealth
 + Level 4.3 Unarmed Combat
 + Level 3.4 Spellcasting


You had 14 spell levels left.
You didn't know any spells.

Dungeon Overview and Level Annotations

Branches:
Dungeon (6/15)             Temple (1/1) D:5

Altars:
Ashenzari
Cheibriados
Dithmenos
Elyvilon
Kikubaaqudgha
Nemelex Xobeh
Okawaru
Vehumet
Xom
Zin
The Shining One


Message History

Press: ? - help, Dir - move target cursor, f/p - orc warrior
Aim: an orc warrior, wielding a glaive and wearing a chain mail You reach to attack!
You barely miss the orc warrior.
The orc warrior hits you from afar with a glaive.
* * * LOW HITPOINT WARNING * * *
You are too injured to fight recklessly!
The orc warrior hits you with a glaive!
* * * LOW HITPOINT WARNING * * *
Things that are here:
a club; a dagger; a robe You hit the orc warrior.
The orc warrior is lightly wounded.
Quiver which item? (- for none, * to show all) (? for menu, Esc to quit)
Okay, then.
Quiver which item? (- for none, * to show all) (? for menu, Esc to quit)
Okay, then.
Drink which item? (? for menu, Esc to quit)
You feel agile all of a sudden. The orc warrior hits you with a glaive!
You die...

.## .... #...# #...#
#.#.## ##.....##
######o#...#.#
#.).)@......####
#.#####..#.#... #..
#.#####.#.##.#
.P.#............# ###
...#.####.......# ..
#.##.####..#.##.#
###.##
#.##.......#†##.#
#..... #
##.##.#######.##.#
#.#.##
...###...###...###.##.#
#<#.##


You could see an orc warrior.

Vanquished Creatures
  The ghost of volk64 the Sneak, an average OpCK of Xom (D:6)
  Menkaure (D:5)
  Edmund (D:4)
  An ice beast (D:6)
  4 ogres
  A giant frog (D:6)
  2 scorpions
  A water moccasin skeleton (D:5)
  A giant frog zombie (D:5)
  A crimson imp (D:4)
  2 hounds (D:5)
  2 orc priests
  A quasit (D:6)
  3 orc wizards
  2 worker ants
  A worker ant zombie (D:3)
  3 gnolls (D:2)
  9 adders
  A worm (D:3)
  6 giant geckos
  15 orcs
  12 bats
  A bat skeleton (D:4)
  3 giant cockroaches
  14 goblins
  13 hobgoblins
  4 kobolds
  A ball python (D:1)
  4 giant newts
  19 rats
130 creatures vanquished.

Notes
Turn   | Place    | Note
--------------------------------------------------------------
     0 | D:1      | Urgaas the Merfolk Berserker began the quest for the Orb.
     0 | D:1      | Reached XP level 1. HP: 18/18 MP: 1/1
   211 | D:1      | Reached XP level 2. HP: 14/24 MP: 2/2
   463 | D:1      | Found a sparkling altar of Nemelex Xobeh.
   652 | D:1      | Acquired Trog's second power
   898 | D:1      | Reached XP level 3. HP: 30/30 MP: 3/3
  1578 | D:2      | Reached skill level 5 in Polearms
  1594 | D:2      | Reached XP level 4. HP: 9/37 MP: 4/4
  2310 | D:3      | Found a snail-covered altar of Cheibriados.
  2338 | D:3      | Reached XP level 5. HP: 20/42 MP: 5/5
  2530 | D:3      | Found a radiant altar of Vehumet.
  2647 | D:3      | Reached skill level 1 in Stealth
  3680 | D:4      | Noticed Edmund
  3705 | D:4      | Killed Edmund
  3705 | D:4      | Reached skill level 5 in Dodging
  3705 | D:4      | Reached XP level 6. HP: 14/49 MP: 6/6
  4226 | D:4      | Noticed an ogre
  4249 | D:4      | Killed an ogre
  4249 | D:4      | Reached skill level 6 in Polearms
  4249 | D:4      | Reached XP level 7. HP: 48/55 MP: 7/7
  4399 | D:4      | Reached skill level 5 in Fighting
  4427 | D:4      | Noticed an ogre
  4433 | D:4      | Killed an ogre
  4435 | D:4      | Acquired Trog's third power
  4672 | D:4      | Reached skill level 8 in Polearms
  4672 | D:4      | Reached skill level 5 in Stealth
  4672 | D:4      | Reached XP level 8. HP: 61/65 MP: 7/13
  4732 | D:5      | Entered Level 5 of the Dungeon
  4916 | D:5      | Noticed Menkaure
  4934 | D:5      | Killed Menkaure
  4998 | D:5      | Found a staircase to the Ecumenical Temple.
  5016 | Temple   | Entered the Ecumenical Temple
  5207 | D:5      | Reached skill level 9 in Polearms
  5801 | D:5      | Found a shattered altar of Ashenzari.
  5815 | D:5      | Reached XP level 9. HP: 66/72 MP: 14/14
  6241 | D:6      | Noticed volk64's ghost (average OpCK)
  6544 | D:6      | Found a white marble altar of Elyvilon.
  6845 | D:6      | Killed volk64's ghost
  7056 | D:6      | Slain by an orc warrior

Vault maps used:
D:1:      eino_arrival_water_star, serial_forest, infiniplex_forest_straight_4,
          infiniplex_forest_clump_diagonal, infiniplex_forest_straight_3,
          infiniplex_forest_clump_tiny, infiniplex_forest_end_1,
          infiniplex_forest_clump_small, infiniplex_forest_clump_tiny,
          infiniplex_forest_lined_2, hangedman_decor_points,
          nemelex_xobeh_ov_fountains_minmay
D:3:      lemuel_crystal_altar, nicolae_overflow_hidden_temple
D:4:      uniq_edmund
D:5:      evilmike_ruin_ashenzari, temple_hall, first_bread, amethyst_killhole,
          uniq_menkaure
D:6:      tgw_sif, elyvilon_altar_1
Temple:   nicolae_temple_great_sept

Action                   |  1- 3 |  4- 6 |  7- 9 || total
-------------------------+-------+-------+-------++-------
Melee: Spear             |   152 |     5 |       ||   157
       Halberd           |       |    21 |       ||    21
       Trident           |       |   150 |   244 ||   394
Invok: Berserk           |     2 |     3 |     3 ||     8
  Use: Potion            |       |       |     6 ||     6
       Scroll            |       |       |     4 ||     4
 Stab: Sleeping          |       |     1 |     9 ||    10
       Distracted        |       |       |     1 ||     1
  Eat: Fruit             |     3 |       |       ||     3
       Meat ration       |     1 |       |     2 ||     3
       Beef jerky        |       |     2 |       ||     2
       Bread ration      |       |     1 |     1 ||     2
       Chunk             |       |       |     1 ||     1
